 Dungeon Crawl Stone Soup version 0.21.0-24-g2553a33 (webtiles) character file.

445 mistymad the Poker (level 7, -4/50 HPs)
             Began as a Merfolk Skald on Jan 20, 2018.
             Slain by Pikel
             ... wielding a +0 whip of electrocution
              (20 damage)
             ... on level 5 of the Dungeon.
             The game lasted 00:13:06 (5496 turns).

mistymad the Poker (Merfolk Skald)                  Turns: 5496, Time: 00:13:06

Health: -4/50      AC:  3    Str: 13    XL:     7   Next: 3%
Magic:  2/12       EV: 12    Int: 13    God:
Gold:   204        SH:  0    Dex: 13    Spells: 6/12 levels left

rFire    . . .     SeeInvis .   a - +0 spear
rCold    + . .     Gourm    .   (no shield)
rNeg     . . .     Faith    .   b - +0 leather armour
rPois    +         Spirit   .   (no helmet)
rElec    .         Reflect  .   (no cloak)
rCorr    .         Harm     .   (no gloves)
MR       .....                  (no boots)
Stlth    +.........             (no amulet)
HPRegen  0.16/turn              l - ring of poison resistance
MPRegen  0.13/turn              n - ring of protection from cold

@: very slightly contaminated, glowing, drained
A: change form in water, swift swim, stealthy swim
a: no special abilities


You were on level 5 of the Dungeon.
You were very hungry.

You visited 1 branch of the dungeon, and saw 5 of its levels.

You collected 204 gold pieces.

Inventory:

Hand Weapons
 a - a +0 spear (weapon)
Armour
 b - a +0 leather armour (worn)
Jewellery
 l - a ring of poison resistance (left hand)
 n - a ring of protection from cold (right hand)
Wands
 s - a wand of paralysis (10)
Scrolls
 e - 2 scrolls of remove curse {unknown}
 f - a scroll of enchant weapon {unknown}
 h - 2 scrolls of identify {unknown}
 m - a scroll of amnesia {unknown}
 q - a scroll of magic mapping {unknown}
Potions
 g - a potion of might {unknown}
 i - a potion of flight {unknown}
 j - 2 potions of brilliance {unknown}
 k - 3 potions of curing {unknown}
 o - 2 potions of invisibility {unknown}
 p - a potion of degeneration {unknown}
 r - a potion of heal wounds {unknown}
Books
 c - a book of Battle

   Spells                             Type                      Level
   a - Infusion                       Charms                       1
   b - Shroud of Golubria             Charms/Translocation         2
   c - Song of Slaying                Charms                       2
   d - Spectral Weapon                Hexes/Charms                 3
   e - Regeneration                   Charms/Necromancy            3
Comestibles
 d - 4 rations


   Skills:
 - Level 2.1(1.8) Fighting
 + Level 7.9(7.4) Polearms
 - Level 0.6(0.2) Armour
 - Level 2.6(2.3) Dodging
 + Level 3.4(3.0) Spellcasting
 + Level 2.7(2.3) Hexes
 - Level 4.0(3.6) Charms


You had 6 spell levels left.
You knew the following spells:

 Your Spells              Type           Power        Failure   Level  Hunger
a - Infusion              Chrm           ##..         7%          1    #......
b - Shroud of Golubria    Chrm/Tloc      #.........   22%         2    ###....
c - Spectral Weapon       Hex/Chrm       #.......     26%         3    ###....


Dungeon Overview and Level Annotations

Branches:
Dungeon (5/15)
 Temple: D:4-7

Altars:
Gozag
Kikubaaqudgha
Nemelex Xobeh
Vehumet
Wu Jian
Yredelemnul
Zin

Shops:
D:4 *

Annotations:
D:3 Dowan, Duvessa
D:4 Edmund
D:5 Pikel


Message History

Pikel hits you with a whip of electrocution.
You take 1 damage, and have 49/50 hp.
You now have 9/12 mp.
You miscast Spectral Weapon.
Your hands glow momentarily.
You are feeling very hungry.
Pikel hits you with a whip of electrocution.
You take 5 damage, and have 44/50 hp.
You now have 6/12 mp.
You miscast Spectral Weapon.
Waves of light ripple over your body.
Pikel hits you with a whip of electrocution.
You are electrocuted!
You take 22 damage, and have 22/50 hp.
MASSIVE DAMAGE!!
You now have 3/12 mp.
You draw out your weapon's spirit!
Pikel hits you with a whip of electrocution.
Something hits your spectral weapon.
Your spectral weapon shares its damage with you!
You take 4 damage, and have 19/50 hp.
You now have 1/12 mp.
A slave comes into view.
There is a stone staircase leading up here.
Pikel hits you with a whip of electrocution.
You are electrocuted!
You die...

.##...#.#.....##g#######
#.. #.###.#p##g# #.
#..p..#.##g# #
#######.##.# #.##.#
#(##.# #p# #K## #.@#
#..# #..# #..# #..# #..#
#..# ####


You could see Pikel, 2 slaves and a friendly spectral spear.

Vanquished Creatures
  A slave (D:5)
  An ice beast (D:2)
  2 scorpions
  The ghost of p0werm0de the Skirmisher, a weakling HuCK of Xom (D:3)
  2 hounds (D:4)
  5 adders
  2 gnolls (D:5)
  An ooze (D:2)
  A worm (D:3)
  4 dart slugs
  5 leopard geckos
  6 orcs (D:3)
  5 giant cockroaches
  7 goblins
  5 hobgoblins
  5 jackals
  2 quokkas (D:2)
  3 bats
  3 frilled lizards
  6 kobolds
  6 rats
73 creatures vanquished.

Vanquished Creatures (others)
  A fungus (D:5)
  2 spectral weapons (D:5)
3 creatures vanquished.

Grand Total: 76 creatures vanquished

Notes
Turn   | Place    | Note
-------+----------+-------------------------------------------
     0 | D:1      | mistymad the Merfolk Skald began the quest for the Orb.
     0 | D:1      | Reached XP level 1. HP: 16/16 MP: 3/3
   444 | D:1      | Reached skill level 4 in Polearms
   444 | D:1      | Reached XP level 2. HP: 22/22 MP: 5/5
   957 | D:2      | Found a radiant altar of Vehumet.
   960 | D:2      | Found a sparkling altar of Nemelex Xobeh.
  1039 | D:2      | Reached skill level 5 in Polearms
  1039 | D:2      | Reached XP level 3. HP: 24/27 MP: 6/6
  1156 | D:2      | Learned a level 2 spell: Shroud of Golubria
  1160 | D:2      | Learned a level 3 spell: Spectral Weapon
  1448 | D:3      | Noticed p0werm0de's ghost (weakling HuCK)
  1493 | D:2      | Reached skill level 6 in Polearms
  1787 | D:3      | Reached XP level 4. HP: 30/33 MP: 7/7
  1791 | D:3      | Noticed an ice beast
  3121 | D:2      | Killed an ice beast
  3121 | D:2      | Reached skill level 7 in Polearms
  3121 | D:2      | Reached skill level 1 in Hexes
  3121 | D:2      | Reached XP level 5. HP: 36/38 MP: 3/8
  3320 | D:4      | Noticed Dowan
  3322 | D:4      | Noticed Duvessa
  3598 | D:4      | Reached XP level 6. HP: 23/44 MP: 8/10
  4061 | D:4      | Found an opulent altar of Gozag.
  4062 | D:4      | Found Gozag's Platinum Reserve.
  4070 | D:4      | Noticed Edmund
  4171 | D:4      | Found an ancient bone altar of Kikubaaqudgha.
  4171 | D:4      | Found a glowing silver altar of Zin.
  4171 | D:4      | Found a basalt altar of Yredelemnul.
  4172 | D:4      | Found an ornate altar of the Wu Jian Council.
  4398 | D:3      | Killed p0werm0de's ghost
  4845 | D:5      | Entered Level 5 of the Dungeon
  4859 | D:5      | Noticed a slave
  4860 | D:5      | Noticed a slave
  4888 | D:5      | Killed a slave
  5231 | D:5      | Noticed Pikel
  5253 | D:5      | Reached XP level 7. HP: 44/50 MP: 7/12
  5496 | D:5      | Slain by Pikel

Skill      XL: |  1  2  3  4  5  6 |
---------------+-------------------+-----
Polearms       | 4 5 6 7 |  7.9
Hexes          | 1 2 |  2.7
Charms         | 4 |  4.0
Spellcasting   | 3 |  3.4
Fighting       | |  2.1
Armour         | |  0.6
Dodging        | |  2.6

Action                   |  1- 3 |  4- 6 |  7- 9 || total
-------------------------+-------+-------+-------++-------
Melee: Spear             |   133 |   232 |     6 ||   371
 Cast: Spectral Weapon   |       |    11 |     2 ||    13
       Shroud of Golubri |       |     1 |       ||     1
 Stab: Sleeping          |     1 |       |       ||     1
       Distracted        |       |     1 |       ||     1
  Eat: Chunk             |     3 |     9 |       ||    12
       Ration            |       |     1 |       ||     1
Armor: Leather armour    |    15 |    41 |       ||    56
Dodge: Dodged            |    64 |   111 |     3 ||   178
